 Dungeon Crawl Stone Soup version 0.28-a0-863-g8cecda6153 (webtiles) character file.

Game seed: 7405122700320593880

82 spaced the Vexing (level 4, 0/24 HPs)
             Began as a Deep Elf Enchanter on Nov 20, 2021.
             Slain by a hobgoblin (3 damage)
             ... on level 4 of the Dungeon.
             The game lasted 00:15:57 (3039 turns).

spaced the Vexing (Deep Elf Enchanter)              Turns: 3039, Time: 00:15:57

Health: 0/24       AC:  2    Str:  5    XL:     4   Next: 21%
Magic:  2/11       EV: 12    Int: 21    God:
Gold:   64         SH:  0    Dex: 15    Spells: 2/10 levels left

rFire   . . .      SeeInvis .   a - +1 dagger
rCold   . . .      Faith    .   (no shield)
rNeg    . . .      Spirit   .   e - +0 robe
rPois   .          Reflect  .   (no helmet)
rElec   .          Harm     .   (no cloak)
rCorr   .          Rampage  .   (no gloves)
Will    .....                   (no boots)
Stlth   +++.......              (no amulet)
HPRegen 0.08/turn               (no ring)
MPRegen 0.12/turn               (no ring)

@: no status effects
A: no striking features
a: no special abilities


You were on level 4 of the Dungeon.
You visited 1 branch of the dungeon, and saw 4 of its levels.

You collected 64 gold pieces.

Inventory:

Hand Weapons
 a - a +1 dagger (weapon)
 g - a +0 mace of protection
Missiles
 f - 20 poisoned darts (quivered)
 n - 4 silver javelins
Armour
 b - a +0 robe
 e - a +0 robe (worn)
Scrolls
 d - a scroll of amnesia {unknown}
 h - a scroll of immolation {unknown}
 i - 2 scrolls of enchant weapon {unknown}
 j - a scroll of holy word {unknown}
 l - a scroll of identify {unknown}
Potions
 k - a potion of curing {unknown}
 m - a potion of mutation {unknown}


   Skills:
 + Level 0.2 Fighting
 + Level 1.4 Short Blades
 + Level 0.3 Throwing
 + Level 2.6 Dodging
 + Level 4.5 Stealth
 + Level 3.6 Spellcasting
 + Level 4.6 Hexes
 + Level 1.6 Ice Magic


You had 2 spell levels left.
You knew the following spells:

 Your Spells              Type           Power      Damage    Failure   Level
a - Ensorcelled Hibernat  Hex/Ice        34%        N/A       5%          2
b - Tukima's Dance        Hex            23%        N/A       5%          3
c - Confusing Touch       Hex            23%        N/A       5%          3

Your spell library contained the following spells:

 Spells                   Type           Power      Damage    Failure   Level
 Foxfire                  Conj/Fire      12%        2x1d4     13%         1
 Dazzling Flash           Conj/Hex       26%        N/A       14%         3
 Inner Flame              Hex/Fire       13%        N/A       14%         3
 Conjure Flame            Conj/Fire      3%         6-21      36%         3
 Flame Wave               Conj/Fire      3%         3d3       77%         4


Dungeon Overview and Level Annotations

Branches:
Dungeon (4/15)
 Temple: D:4-7

Altars:

Portals:
Sewer: D:3


Message History

Press: ? - help, Shift-Dir - straight line, f/p - ball python
Aim: a ball python (chance to affect: 65%)
The ball python looks drowsy...
The helpless ball python fails to defend itself.
You puncture the ball python!
You kill the ball python!
Found a giant club.
Casting: Ensorcelled Hibernation (safe; 5% risk of failure)
Confirm with . or Enter, or press ? or * to list all spells.
Aiming: Ensorcelled Hibernation (safe; 5% risk of failure)
Press: ? - help, Shift-Dir - straight line, f - hobgoblin
Aim: a hobgoblin (chance to affect: 65%)
The hobgoblin resists with significant effort.
The hobgoblin barely misses you.
Casting: Ensorcelled Hibernation (safe; 5% risk of failure)
Confirm with . or Enter, or press ? or * to list all spells.
Aiming: Ensorcelled Hibernation (safe; 5% risk of failure)
Press: ? - help, Shift-Dir - straight line, f/p - hobgoblin
Aim: a hobgoblin (chance to affect: 65%)
You miscast Ensorcelled Hibernation.
You are very lightly contaminated with residual magic.
Nothing appears to happen.
The hobgoblin hits you but does no damage.
Casting: Ensorcelled Hibernation (safe; 5% risk of failure)
Confirm with . or Enter, or press ? or * to list all spells.
You don't have enough magic to cast this spell.
An adder comes into view.
An orc comes into view. It is wielding a +0 whip.
The hobgoblin hits you but does no damage.
Throw: 21 darts (poison)
Press: ? - help, Q - select action, (/) - cycle Shift-Dir - straight line, f/p - hobgoblin
Aim: a hobgoblin (57% to hit)
You throw a poisoned dart. The poisoned dart hits the hobgoblin.
The orc shouts!
You hear an angry hiss.
Found a golden potion.
An adder comes into view.
Your magical contamination has completely faded away.
The hobgoblin hits you.
You die...

...#..........#
#.#........S##.
#..............
#..#.(†........
##.#...........
#.(...<.......
...#...o.#......>
........g.........
#.....##@.....##..
#............... .
..................
.......##.....##.##
#...... >.....# .#
#.... ...##..# ...
#### #!.. ### ...


You could see an adder, an orc and a hobgoblin.

Vanquished Creatures
  Terence (D:2)
  An adder (D:3)
  2 worms
  A dart slug (D:2)
  9 bats
  4 endoplasms
  4 goblins
  3 hobgoblins
  2 quokkas (D:2)
  4 ball pythons
  2 frilled lizards
  2 kobolds
  6 rats
41 creatures vanquished.

Notes
Turn   | Place    | Note
-------+----------+-------------------------------------------
     0 | D:1      | spaced the Deep Elf Enchanter began the quest for the Orb.
     0 | D:1      | Reached XP level 1. HP: 10/10 MP: 6/6
   387 | D:1      | Reached XP level 2. HP: 11/15 MP: 8/8
   390 | D:1      | Learned a level 2 spell: Ensorcelled Hibernation
  1690 | D:2      | Reached XP level 3. HP: 19/19 MP: 9/9
  2327 | D:2      | Noticed Terence
  2752 | D:2      | Killed Terence
  2753 | D:2      | Reached skill level 1 in Ice Magic
  2853 | D:3      | Reached XP level 4. HP: 24/24 MP: 8/11
  2864 | D:3      | Learned a level 3 spell: Tukima's Dance
  2868 | D:3      | Learned a level 3 spell: Confusing Touch
  3005 | D:3      | Found a glowing drain.
  3024 | D:4      | HP: 1/24 [constriction (1)]
  3039 | D:4      | Slain by a hobgoblin

Illustrated notes

Levels and vault maps discovered:
D:1:      roderic_dead_forest, layout_loops_cross
D:2:      layout_basic, uniq_terence
D:3:      layout_rooms, serial_glass, glass_columns_c, glass_columns_a,
          cheibrodos_sewer_entry_sluice, minmay_tree_intersection
D:4:      layout_cave_pools, minitemple, uniq_natasha

Skill      XL: |  1  2  3 |
---------------+----------+-----
Stealth        | 4 |  4.5
Ice Magic      | 1 |  1.6
Fighting       | |  0.2
Short Blades   | |  1.4
Throwing       | |  0.3
Dodging        | |  2.6
Spellcasting   | |  3.6
Hexes          | |  4.6

Action                   |  1- 3 |  4- 6 || total
-------------------------+-------+-------++-------
Melee: Dagger            |    97 |    28 ||   125
Throw: Dart              |    18 |     1 ||    19
 Cast: Ensorcelled Hiber |    25 |    10 ||    35
       Confusing Touch   |       |     2 ||     2
  Use: Potion            |       |     1 ||     1
 Stab: Sleeping          |    21 |     3 ||    24
       Confused          |       |     1 ||     1
Armor: Robe              |    22 |    11 ||    33
Dodge: Dodged            |    69 |    39 ||   108

Table legend: (Time is in decaauts)
 A = Elapsed time spent in this place.
 B = Non-inter-level travel time spent in this place.
 C = Inter-level travel time spent in this place.
 D = Time resting spent in this place.
 E = Time spent auto-exploring this place.
 F = Levels seen in this place.
 G = Mean time per level.
                   A        B        C        D        E       F      G
               +--------+--------+--------+--------+--------+-----+--------+
         Total |   3034 |   2933 |    101 |    417 |   1819 |   4 |  758.5 |
       Dungeon |   3034 |   2933 |    101 |    417 |   1819 |   4 |  758.5 |
               +--------+--------+--------+--------+--------+-----+--------+

Top non-repeatable levels by time:
     D:1: 1474 daAuts
     D:2: 1367 daAuts
     D:3: 174 daAuts
     D:4: 16 daAuts
